AoeStats
← Heinzistcool

Fortress

508507917Analyzed
4v4 RM · 8d ago on Sep 22, 2026· 42m 43s· 8 players
Game mode
Random Map
Map size
Huge
Population
200
Speed
Normal
Resources
Standard
Victory
Conquest
Starting age
Dark Age
Ending age
Imperial Age
RankedLock teamsTeams togetherTeam positionsShared explorationLock speedFull tech treeHidden civsTurbo modeCheats
Victory
Defeat
🇨🇿 Varangians · Czechia
1934
+6
🇷🇴 Saxons · Romania
1930
+6
🇷🇴 Teutons · Romania
1896
+7
🇷🇴 Danes · Romania
1877
+7
🇩🇪 Saxons · Germany
1859
-12
🇩🇪 Saxons · Germany
1707
-6
🇩🇪 Varangians · Germany
1619
-5
🇩🇪 Danes · Germany
1496
-3
Somero
6:51 Feudal Age
10:30 Castle Age
8:23 Double-Bit Axe
9:37 Horse Collar
12:09 Bow Saw
18:39 Heavy Plow
19:17 Wheelbarrow
20:46 Hand Cart
20:23 Gold Mining
24:48 Imperial Age
23:22 Forging
23:18 Scale Barding Armor
23:04 Stone Mining
23:52 Bloodlines
23:42 Husbandry
24:51 Iron Casting
24:43 Loom
25:57 Conscription
25:13 Elite Jarl
28:42 Chain Barding Armor
29:44 Blast Furnace
30:02 Plate Barding Armor
33:47 Blast Furnace
36:17 Coinage
35:48 Caravan
35:58 Guilds
38:31 Two-Man Saw
38:02 Crop Rotation
38:08 Stone Shaft Mining
38:05 Banking
37:47 Guilds
38:18 Fletching
39:20 Bodkin Arrow
OS+ | R4v3N_
7:09 Feudal Age
10:37 Castle Age
8:25 Double-Bit Axe
8:46 Horse Collar
11:39 Bow Saw
11:54 Heavy Plow
16:47 Wheelbarrow
17:53 Hand Cart
19:18 Gold Mining
23:52 Imperial Age
22:50 Gold Shaft Mining
22:06 Stone Mining
23:10 Scale Mail Armor
22:33 Man-at-Arms
22:50 Pikeman
23:29 Treadmill Crane
24:00 Masonry
23:27 Long Swordsman
23:56 Arson
24:11 Squires
23:57 Gambesons
24:10 Two-Handed Swordsman
25:42 Fletching
26:00 Halberdier
27:37 Chain Mail Armor
27:47 Forging
27:35 Bodkin Arrow
28:04 Guard Tower
28:54 Conscription
28:49 Bracer
29:12 Ballistics
29:27 Arrowslits
29:52 Shield Wall
31:31 Keep
33:20 Chemistry
32:57 Heavy Scorpion
34:24 Plate Mail Armor
34:20 Forging
34:01 Capped Ram
36:40 Iron Casting
35:45 Champion
36:21 Loom
36:22 Town Watch
37:25 Siege Engineers
38:58 Two-Man Saw
40:04 Caravan
saps_
6:50 Feudal Age
7:56 Double-Bit Axe
7:52 Horse Collar
10:58 Castle Age
10:42 Scale Mail Armor
12:07 Bow Saw
12:34 Loom
24:14 Wheelbarrow
25:24 Heavy Plow
25:58 Town Watch
32:13 Imperial Age
31:02 Hand Cart
31:21 Chain Mail Armor
31:16 Forging
31:33 Squires
32:41 Forging
32:18 Gambesons
32:19 Arson
33:51 Gold Mining
33:52 Stone Mining
34:06 Elite Varangian Guard
36:06 Gold Shaft Mining
37:42 Stone Shaft Mining
40:41 Conscription
41:16 Plate Mail Armor
41:46 Hoardings
42:31 Capped Ram
aleksanderG
7:12 Feudal Age
8:27 Horse Collar
11:07 Castle Age
9:05 Double-Bit Axe
12:18 Bow Saw
13:19 Heavy Plow
17:38 Wheelbarrow
17:08 Gold Mining
21:46 Imperial Age
19:36 Scale Mail Armor
19:38 Squires
20:21 Loom
20:55 Chain Mail Armor
22:21 Hand Cart
23:42 Chemistry
23:10 Conscription
23:16 Stone Mining
24:06 Crop Rotation
24:37 Two-Man Saw
24:23 Plate Mail Armor
24:04 Forging
24:10 Town Watch
25:44 Stone Shaft Mining
28:23 Fletching
28:55 Ballistics
28:43 Siege Engineers
29:43 Bodkin Arrow
31:02 Crenellations
32:41 Ironclad
32:24 Elite Teutonic Knight
34:10 Iron Casting
35:44 Hoardings
36:38 Blast Furnace
37:30 Masonry
36:43 Onager
37:53 Caravan
40:53 Coinage
40:34 Guilds
41:55 Siege Onager
LM | MaggieWuerze
7:21 Feudal Age
8:26 Horse Collar
11:08 Castle Age
8:57 Double-Bit Axe
12:08 Bow Saw
13:58 Heavy Plow
15:26 Wheelbarrow
19:56 Hand Cart
20:05 Town Watch
21:01 Loom
21:30 Fortified Wall
21:44 Gold Mining
21:51 Stone Mining
25:35 Imperial Age
23:00 Guard Tower
23:05 Fletching
24:35 Scale Mail Armor
25:10 Squires
25:31 Chain Mail Armor
25:05 Gambesons
25:49 Ballistics
25:47 Elite Varangian Guard
27:55 Arrowslits
28:56 Plate Mail Armor
28:56 Bodkin Arrow
30:03 Chemistry
29:43 Bracer
31:03 Conscription
30:12 Pikeman
31:04 Forging
31:41 Shield Wall
33:17 Masonry
32:49 Halberdier
35:08 Iron Casting
35:11 Hoardings
35:10 Architecture
37:19 Padded Archer Armor
38:14 Bloodlines
38:04 Husbandry
39:51 Leather Archer Armor
39:00 Heavy Mounted Crossbowman
39:01 Cranequins
40:35 Thumb Ring
LM | RenLo
6:59 Feudal Age
6:33 Loom
11:10 Castle Age
9:29 Double-Bit Axe
9:32 Horse Collar
13:14 Loom
14:04 Wheelbarrow
13:59 Town Watch
24:10 Imperial Age
22:35 Hand Cart
22:41 Bow Saw
23:16 Fletching
23:46 Padded Archer Armor
24:32 Bodkin Arrow
26:18 Chemistry
25:36 Leather Archer Armor
25:46 Bracer
26:08 Ballistics
26:22 Conscription
28:17 Ring Archer Armor
27:46 Hamask
28:50 Masonry
28:40 Crossbowman
29:51 Thumb Ring
30:44 Onager
31:12 Cranequins
31:32 Northmen's Fury
35:51 Town Patrol
Scherzkeks
7:04 Feudal Age
7:11 Feudal Age
10:44 Castle Age
8:47 Double-Bit Axe
9:08 Horse Collar
11:43 Bow Saw
13:10 Loom
14:35 Wheelbarrow
16:24 Town Watch
28:00 Imperial Age
26:00 Fletching
27:21 Bodkin Arrow
27:35 Squires
27:21 Arson
28:05 Heavy Plow
29:02 Conscription
29:15 Gold Mining
29:16 Stone Mining
29:30 Scale Mail Armor
30:32 Elite Hearth Troop
31:36 Hand Cart
31:08 Shield Wall
32:12 Chain Mail Armor
33:44 Plate Mail Armor
33:29 Forging
33:59 Coinage
34:03 Guard Tower
34:34 Ballistics
34:14 Clerical Recruitment
35:50 Iron Casting
36:15 Bracer
37:58 Banking
39:34 Fortified Wall
40:46 Caravan
Heinzistcool
6:33 Feudal Age
10:19 Castle Age
8:26 Double-Bit Axe
8:27 Horse Collar
8:40 Double-Bit Axe
11:55 Bow Saw
18:10 Wheelbarrow
20:15 Hand Cart
20:37 Loom
21:07 Gold Mining
25:05 Imperial Age
23:08 Scale Barding Armor
23:26 Bloodlines
23:16 Husbandry
23:37 Heavy Plow
23:24 Town Watch
23:44 Scale Mail Armor
23:57 Forging
23:56 Stone Mining
25:24 Chain Barding Armor
25:10 Elite Jarl
27:40 Plate Barding Armor
27:41 Iron Casting
28:44 Conscription
29:15 Caravan
34:24 Blast Furnace
33:56 Siege Engineers
39:18 Ballistics
39:58 Chemistry
41:32 Two-Man Saw
41:03 Crop Rotation
Connection lost

Rejoining the realm…

Still unreachable

The connection could not be restored.

Session expired

The server has moved on; the page needs a fresh start.